 Dungeon Crawl Stone Soup version 0.25.1-2-g60ff931df9 (webtiles) character file.

Game seed: 12986075214615699476

64 solopath the Slasher (level 3, -3/27 HPs)
             Began as a Demonspawn Gladiator on Oct 28, 2020.
             Slain by a black bear (12 damage)
             ... on level 3 of the Dungeon.
             The game lasted 00:02:51 (2003 turns).

solopath the Slasher (Demonspawn Gladiator)         Turns: 2003, Time: 00:02:51

Health: -3/27      AC:  4    Str: 14    XL:     3   Next: 91%
Magic:  0/3        EV: 12    Int: 10    God:
Gold:   126        SH:  0    Dex: 14    Spells: 2/2 levels left

rFire    . . .     SeeInvis .   a - +0 long sword
rCold    . . .     Gourm    .   (no shield)
rNeg     . . .     Faith    .   b - +0 leather armour
rPois    .         Spirit   +   c - +0 helmet
rElec    .         Reflect  .   (no cloak)
rCorr    .         Harm     .   (no gloves)
MR       .....                  (no boots)
Stlth    +.........             (no amulet)
HPRegen  0.09/turn              (no ring)
MPRegen  0.08/turn              (no ring)

@: no status effects
A: talons 1, magic shield
a: no special abilities


You were on level 3 of the Dungeon.
You were not hungry.

You visited 1 branch of the dungeon, and saw 3 of its levels.

You collected 126 gold pieces.

Inventory:

Hand Weapons
 a - a +0 long sword (weapon)
Missiles
 d - 3 throwing nets (quivered)
Armour
 b - a +0 leather armour (worn)
 c - a +0 helmet (worn)
Jewellery
 p - an uncursed amulet of the acrobat {unknown}
Wands
 u - a wand of flame (16)
Scrolls
 e - 2 scrolls of enchant weapon {unknown}
 h - 5 scrolls of identify {unknown}
 i - 4 scrolls of teleportation {unknown}
 k - a scroll of blinking {unknown}
 m - a scroll of enchant armour {unknown}
 q - a scroll of magic mapping {unknown}
Potions
 g - a potion of degeneration {unknown}
 j - a potion of curing
 l - a potion of flight {unknown}
 o - a potion of lignification {unknown}
 r - a potion of cancellation {unknown}
 s - a potion of heal wounds {unknown}
 t - 2 potions of haste {unknown}
Comestibles
 f - a ration
 n - 2 chunks of flesh


   Skills:
 - Level 2.0 Fighting
 + Level 4.4 Long Blades
 - Level 1.7 Throwing
 - Level 2.6 Dodging


You had 2 spell levels left.
You didn't know any spells.
Your spell library was empty.

Dungeon Overview and Level Annotations

Branches:
Dungeon (3/15)

Altars:
Elyvilon
Zin


Innate Abilities, Weirdness & Mutations

You have sharp toenails.
When hurt, damage is shared between your health and your magic reserves.


Message History

You hit the black bear.
You claw the black bear, but do no damage.
The black bear is severely wounded.
The black bear barely misses you. The black bear claws you. x2
You hit the black bear but do no damage.
You claw the black bear.
The black bear is severely wounded.
The black bear goes berserk!
You hit the black bear.
You claw the black bear, but do no damage.
The black bear is severely wounded.
The black bear bites you but does no damage.
The black bear barely misses you. The black bear closely misses you.
The black bear bites you but does no damage.
The black bear claws you. x2
You hit the black bear. Your kick misses the black bear.
The black bear is almost dead.
The black bear bites you but does no damage.
The black bear claws you. x2; The black bear bites you!
You die...

#######.####...
................ .
#.######.####... .. #.#
##.# #... ... #.# #<.#
#... .... #.# #..####...
.....####.#####.........
..............#.########
#...h@..........#.....
#.#####.###.#.#.#.####
#.# #.#.#.#.#... #.#
#.#.# #.#.## #.# #.#.#
#.#.#. #.# #.#.# #.#...
#.# #.#.# #..... #.#
#.#.# #...#. #.#.#.


You could see a black bear (berserk).

Vanquished Creatures
  A gnoll (D:1)
  An ooze (D:3)
  A worm (D:2)
  2 dart slugs (D:1)
  A leopard gecko (D:2)
  A ball python (D:1)
  7 hobgoblins
  4 jackals (D:1)
  A quokka (D:3)
  5 bats
  A frilled lizard (D:1)
  2 goblins
  8 kobolds
  7 rats
42 creatures vanquished.

Notes
Turn   | Place    | Note
-------+----------+-------------------------------------------
     0 | D:1      | solopath the Demonspawn Gladiator began the quest for the
                  | Orb.
     0 | D:1      | Reached XP level 1. HP: 16/16 MP: 1/1
    52 | D:1      | Reached skill level 3 in Long Blades
   256 | D:1      | Gained mutation: When hurt, damage is shared between your
                  | health and your magic reserves. [demonic ancestry]
   256 | D:1      | Reached XP level 2. HP: 20/22 MP: 2/2
   810 | D:1      | Gained mutation: You have sharp toenails. [demonic
                  | ancestry]
   810 | D:1      | Reached XP level 3. HP: 24/27 MP: 3/3
   914 | D:1      | Reached skill level 4 in Long Blades
  1182 | D:1      | Found a glowing silver altar of Zin.
  1530 | D:2      | Found a white marble altar of Elyvilon.
  1993 | D:3      | Noticed a black bear
  2003 | D:3      | Slain by a black bear

Illustrated notes

Levels and vault maps discovered:
D:1:      dpeg_arrival_water_altar, layout_rooms, moated_statue,
          minmay_tetromino_i2
D:2:      layout_basic, elyvilon_altar_5
D:3:      layout_basic, minmay_pentangle, uniq_ijyb, uniq_jessica

Skill      XL: |  1  2  3 |
---------------+----------+-----
Long Blades    | 3 4 |  4.4
Fighting       | |  2.0
Throwing       | |  1.7
Dodging        | |  2.6

Action                   || total
-------------------------++-------
Melee: Long sword        ||   116
       Kick              ||    13
Evoke: Wand              ||     1
  Use: Potion            ||     2
  Eat: Chunk             ||     4
Armor: Leather armour    ||    38
Dodge: Dodged            ||   103
       Rpst.: Long sword ||    33
